 Dungeon Crawl Stone Soup version 0.19.1 (webtiles) character file.

78234 Gargoyl the Cleaver (level 15, -7/136 HPs)
             Began as a Pale Draconian Abyssal Knight on Dec 2, 2016.
             Was a High Priest of Lugonu.
             Mangled by eggzz's ghost (22 damage)
             ... on level 12 of the Dungeon.
             The game lasted 01:10:56 (31988 turns).

Gargoyl the Cleaver (DrAK)                         Turns: 31988, Time: 01:10:56

Health: -7/136     AC: 15    Str: 21    XL:     15   Next: 17%
Magic:  4/21       EV: 19    Int: 13    God:    Lugonu [*****.]
Gold:   1064       SH:  7    Dex: 14    Spells: 0 memorised, 14 levels left

rFire  + . .     SeeInvis +     B - +3 broad axe
rCold  . . .     Gourm    .     (armour unavailable)
rNeg   . . .     Faith    .     P - +1 buckler of Qamokiomn {Regen+ rCorr Dex+4 Stlth+}
rPois  .         Spirit   .     (helmet restricted)
rElec  .         Reflect  .     c - +1 cloak
rCorr  +         Harm     .     z - +0 pair of gloves {archery}
MR     +....     Clarity  +     t - +2 pair of boots
Stlth  ++++......               d - amulet of magic regeneration
                                n - ring of see invisible
                                q - ring of resist corrosion

@: starving
A: breathe steam, unfitting armour, clarity, dopey 1, fire resistance 1, low mp
1, strong 1, evolution 1, cold-blooded, AC +9
a: Breathe Steam, Depart the Abyss, Bend Space, Banish, Corrupt, Enter the
Abyss, Renounce Religion


You were on level 12 of the Dungeon.
You worshipped Lugonu.
Lugonu was extremely pleased with you.
You were starving.

You visited 2 branches of the dungeon, and saw 18 of its levels.
You visited the Abyss 1 time.

You collected 1337 gold pieces.
You spent 273 gold pieces at shops.

Inventory:

Hand Weapons
 r - a +0 war axe
 A - a +4 hand axe
 B - a +3 broad axe (weapon)
Missiles
 k - 13 tomahawks
 y - 6 javelins (quivered)
Armour
 c - a +1 cloak (worn)
 t - a +2 pair of boots (worn)
 z - a +0 pair of gloves of archery (worn)
 P - the +1 buckler of Qamokiomn (worn) {Regen+ rCorr Dex+4 Stlth+}
   (You found it on level 12 of the Dungeon)

   It affects your dexterity (+4).
   It increases your rate of regeneration.
   It protects you from acid and corrosion.
   It makes you more stealthy.
Jewellery
 d - an amulet of magic regeneration (around neck)
 n - a ring of see invisible (right hand)
 q - a ring of resist corrosion (left hand)
Wands
 e - a wand of polymorph (1/24)
 m - a wand of iceblast (9/15)
 u - a wand of slowing (42/48)
 C - a wand of paralysis (6/24)
 D - a wand of confusion (22/48)
 E - a wand of iceblast (3/15)
 I - a wand of digging (11/24)
 J - a wand of lightning (4/15)
 N - a wand of digging (3/24)
 O - a wand of paralysis (13/24)
Scrolls
 p - 12 scrolls of identify
 s - 7 scrolls of remove curse
 x - 3 scrolls of amnesia
 F - a scroll of recharging
 K - 2 scrolls of magic mapping
 M - a scroll of teleportation
Potions
 h - 2 potions of cancellation
 i - a potion of magic
 j - 3 potions of haste
 o - 2 potions of agility
 v - 2 potions of curing
 G - a potion of cure mutation
 H - 3 potions of lignification
Books
 a - a book of Debilitation

   Spells                             Type                      Level
   a - Corona                         Hexes                        1
   b - Slow                           Hexes                        2
   c - Gell's Gravitas                Hexes/Translocation          3
   d - Inner Flame                    Hexes/Fire                   3
   e - Cause Fear                     Hexes                        4
   f - Leda's Liquefaction            Hexes/Earth                  4
Comestibles
 b - 12 bread rations
 f - 5 meat rations
 g - 7 fruits
 w - 10 beef jerkies
 L - a slice of pizza


   Skills:
 * Level 13.5 Fighting
 + Level 13.7 Axes
 + Level 3.9 Throwing
 * Level 11.3 Dodging
 + Level 5.0 Stealth
 + Level 8.0 Shields
 * Level 12.5 Invocations
 + Level 2.3 Evocations


You had 14 spell levels left.
You didn't know any spells.

Dungeon Overview and Level Annotations

Branches:
Dungeon (12/15)            Temple (0/1) D:5            Lair (6/6) D:9
 Shoals (0/4) Lair:4        Snake (0/4) Lair:2        Slime (0/5) Lair:5
    Orc: D:9-12

Altars:
Cheibriados
Dithmenos
Gozag
Hepliaklqana
Kikubaaqudgha
Ru
Sif Muna
Yredelemnul
Jiyva

Shops:
D:5 [

Annotations:
D:10 exclusion: ice statue
D:12 eggzz's ghost, journeyman MiFi
Abyss:1 Josephine, Nergalle, Snorg


Innate Abilities, Weirdness & Mutations

You can breathe blasts of scalding, opaque steam.
Your pale cyan-grey scales are hard. (AC +9)
You cannot fit into any form of body armour.
You are cold-blooded and may be slowed by cold attacks.
You possess an exceptional clarity of mind.
You are dopey. (Int -2)
Your flesh is heat resistant. (rF+)
Your magical capacity is low. (-10% MP)
Your muscles are strong. (Str +2)
You evolve.


Message History

Eggzz's ghost hits you!!
* * * LOW HITPOINT WARNING * * *
x2 You feel better.
Eggzz's ghost hits you!!
* * * LOW HITPOINT WARNING * * *
x2
Press: ? - help, Shift-Dir - straight line, f/p - eggzz's ghost
Aim: eggzz's ghost, wielding a vorpal weapon (lightly damaged, chance to defeat MR: 31%) Eggzz's ghost easily resists.
You are starving!
Eggzz's ghost hits you.
* * * LOW HITPOINT WARNING * * *
x2 Zapping:
O - a wand of paralysis (will waste charges)
Press: ? - help, Shift-Dir - straight line, f/p - eggzz's ghost
Aim: eggzz's ghost, wielding a vorpal weapon (lightly damaged, chance to defeat MR: 4%) Eggzz's ghost resists with almost no effort.
Evoking this partially-identified wand wasted a few charges.
Eggzz's ghost completely misses you.
You feel better. Eggzz's ghost hits you.
* * * LOW HITPOINT WARNING * * *
x2 You feel better.
Eggzz's ghost hits you!!
You die...

+...#....#......#
#...#....#......#
...#....#......#
#..####'#......#
#..###.........#
#....#..h......+
+....#.W.......#
#....#.........#
#W@#...........#
################


You could see eggzz's ghost.

Vanquished Creatures
  3 hydras
  A catoblepas (Lair:6)
  8 death yaks
  Sonja (Lair:4)
  3 hill giants (D:10)
  A lindwurm (Lair:6)
  A manticore (D:10)
  A cyclops (D:11)
  2 sirens (Lair:4)
  13 elephants
  2 molten gargoyles (Lair:6)
  10 black mambas
  24 spiny frogs
  A rime drake (Lair:6)
  10 komodo dragons
  6 ice devils (D:10)
  2 trolls
  A polar bear (Lair:6)
  A two-headed ogre (D:11)
  2 merfolk (Lair:4)
  24 blink frogs
  Prince Ribbit (D:5)
  15 dream sheep
  11 hippogriffs
  The ghost of ohados the Basher, an amateur OgBe of Trog (D:4)
  2 wyverns (Lair:6)
  4 wraiths (Lair:3)
  29 yaks
  11 basilisks
  2 hungry ghosts
  2 steam dragons
  2 insubstantial wisps (D:7)
  4 hell hounds (Lair:6)
  16 porcupines
  15 water moccasins
  Duvessa (D:7)
  7 sky beasts
  4 orc warriors
  A phantom (D:8)
  2 ice beasts
  A black bear (D:11)
  6 wolves (Lair:6)
  3 centaurs
  6 ogres
  A necrophage (D:10)
  17 crocodiles
  10 bullfrogs
  Dowan (D:7)
  6 scorpions
  5 killer bees (D:9)
  9 wights
  A howler monkey (D:12)
  2 electric eels
  2 crimson imps
  2 lava snakes (Lair:6)
  A quasit (D:8)
  A bullfrog zombie (D:8)
  6 hounds
  4 jellies
  7 orc priests
  9 orc wizards
  8 worker ants
  3 iguanas
  A worker ant zombie (D:6)
  8 gnolls
  3 river rats (D:9)
  7 adders
  4 shadow imps
  5 ufetubi (D:10)
  An ooze (D:2)
  An adder skeleton (D:4)
  A worm (D:2)
  2 dart slugs
  6 leopard geckos
  32 orcs
  6 bats
  4 giant cockroaches
  10 goblins
  6 hobgoblins
  19 jackals
  11 kobolds
  4 quokkas
  3 ball pythons
  4 frilled lizards
  2 gnoll zombies (D:5)
  2 hobgoblin zombies (D:4)
  A kobold zombie (D:4)
  A leopard gecko skeleton (D:7)
  An orc zombie (D:4)
  8 rats
  6 fungi
  3 plants
520 creatures vanquished.

Vanquished Creatures (others)
  The ghost of veneficus the Bludgeoner, a journeyman MiBe of Trog (Lair:2)
  A fire dragon (Lair:6)
  6 hydras
  A lindwurm (Lair:6)
  The ghost of smzp the Slasher, a novice CeFi of Okawaru (D:5)
  A molten gargoyle (Lair:6)
  3 dream sheep (Lair:5)
  3 basilisks
  A crimson imp (D:7)
  An orc wizard (D:7)
  An adder zombie (D:7)
  2 orcs (D:7)
  A giant cockroach (D:7)
  A bush (Lair:6)
  11 fungi
  16 plants
  4 starspawn tentacles (Abyss:1)
55 creatures vanquished.

Grand Total: 575 creatures vanquished

Notes
Turn   | Place    | Note
-------+----------+-------------------------------------------
     0 | Abyss:1  | Gargoyl the Draconian Abyssal Knight began the quest for the Orb.
     0 | Abyss:1  | Reached XP level 1. HP: 19/19 MP: 2/2
    53 | Abyss:1  | Noticed a large abomination
    61 | Abyss:1  | Noticed a tentacled starspawn
   140 | Abyss:1  | Noticed a red draconian scorcher
   140 | D:1      | Escaped the Abyss
   294 | D:1      | Reached * piety under Lugonu
   294 | D:1      | Reached XP level 2. HP: 21/26 MP: 3/3
   830 | D:2      | Reached XP level 3. HP: 32/33 MP: 4/4
  1008 | D:2      | Found an opulent altar of Gozag.
  1346 | D:2      | Reached ** piety under Lugonu
  1390 | D:2      | Reached XP level 4. HP: 34/40 MP: 5/5
  2039 | D:3      | Found a snail-covered altar of Cheibriados.
  2270 | D:3      | Found a faded altar of an unknown god.
  2389 | D:3      | Reached XP level 5. HP: 37/46 MP: 7/7
  2444 | D:4      | Noticed ohados's ghost (amateur OgBe)
  3067 | D:3      | Reached skill level 1 in Shields
  3381 | D:4      | Gained mutation: Your spells are a little easier to cast, but a little less powerful. [potion of mutation]
  3381 | D:4      | Gained mutation: You are occasionally teleported next to monsters. [potion of mutation]
  3381 | D:4      | Lost mutation: Your spells are a little easier to cast, but a little less powerful. [potion of mutation]
  3389 | D:4      | Killed ohados's ghost
  3389 | D:4      | Reached XP level 6. HP: 14/53 MP: 8/8
  3633 | D:4      | Gained mutation: Your tail ends in a poisonous barb. [potion of mutation]
  3633 | D:4      | Gained mutation: Your muscles are strong. (Str +2) [potion of mutation]
  3633 | D:4      | Gained mutation: Your flesh is heat resistant. (rF+) [potion of mutation]
  3676 | D:4      | Reached *** piety under Lugonu
  3955 | D:4      | Your scales start taking on a pale cyan-grey colour.
  3955 | D:4      | Reached XP level 7. HP: 41/60 MP: 9/9
  3979 | D:4      | Reached skill level 5 in Fighting
  4064 | D:4      | Found a sacrificial altar of Ru.
  4192 | D:4      | You fall through a shaft for 2 floors!
  4201 | D:5      | Entered Level 5 of the Dungeon
  4201 | D:5      | Found a staircase to the Ecumenical Temple.
  4267 | D:5      | Noticed smzp's ghost (novice CeFi)
  4321 | D:5      | Banished smzp's ghost
  4321 | D:5      | Reached skill level 5 in Axes
  4465 | D:5      | Noticed Prince Ribbit
  4466 | D:5      | Found a deep blue altar of Sif Muna.
  4736 | D:5      | Killed Prince Ribbit
  4736 | D:5      | Reached XP level 8. HP: 17/70 MP: 11/11
  5000 | D:5      | Found Ycsigen's Antique Armour Emporium.
  5011 | D:5      | Gained mutation: You evolve. [mutagenic meat]
  5012 | D:5      | Gained mutation: You have a pair of small antennae on your head. [mutagenic meat]
  5014 | D:5      | Lost mutation: You evolve. [mutagenic meat]
  5015 | D:5      | Gained mutation: Your spells are a little harder to cast, but a little more powerful. [mutagenic meat]
  5016 | D:5      | Lost mutation: Your tail ends in a poisonous barb. [mutagenic meat]
  5157 | D:5      | Found a basalt altar of Yredelemnul.
  5217 | D:5      | Bought a pair of embroidered gloves for 273 gold pieces
  5686 | D:6      | Reached skill level 5 in Dodging
  5885 | D:6      | Reached skill level 1 in Stealth
  6346 | D:7      | Noticed Duvessa
  6347 | D:7      | Noticed Dowan
  6359 | D:7      | Killed Duvessa
  6359 | D:7      | Reached skill level 5 in Invocations
  6369 | D:7      | Killed Dowan
  6379 | D:7      | Reached XP level 9. HP: 29/79 MP: 12/12
  6382 | D:7      | Reached **** piety under Lugonu
  6595 | D:7      | Gained mutation: You regenerate slowly when monsters are visible. [potion of mutation]
  6595 | D:7      | Gained mutation: You possess an exceptional clarity of mind. [potion of mutation]
  6947 | D:7      | Found an ancient bone altar of Kikubaaqudgha.
  7091 | D:7      | HP: 1/79 [insubstantial wisp/static electricity (9)]
  7620 | D:7      | Gained mutation: You evolve. [potion of beneficial mutation]
  7818 | D:8      | Reached skill level 1 in Throwing
  8018 | D:8      | Found a shadowy altar of Dithmenos.
  8294 | D:8      | Reached XP level 10. HP: 85/88 MP: 14/14
  8757 | D:9      | Found a staircase to the Lair.
  9081 | D:9      | Reached ***** piety under Lugonu
  9183 | D:9      | Lost mutation: You regenerate slowly when monsters are visible. [evolution]
  9527 | D:9      | Found a hazy altar of Hepliaklqana.
  9527 | D:9      | Found a faded altar of an unknown god.
  9532 | D:9      | Found a faded altar of an unknown god.
  9534 | D:9      | Found a faded altar of an unknown god.
  9535 | D:9      | Found a faded altar of an unknown god.
  9894 | Lair:1   | Entered Level 1 of the Lair of Beasts
 10010 | Lair:1   | Noticed a spiny frog
 10024 | Lair:1   | Killed a spiny frog
 10087 | Lair:1   | Noticed a spiny frog
 10175 | Lair:1   | Noticed a spiny frog
 10186 | Lair:1   | Killed a spiny frog
 10322 | Lair:1   | Noticed a spiny frog
 10347 | Lair:1   | Killed a spiny frog
 10487 | Lair:1   | Noticed a spiny frog
 10494 | Lair:1   | Killed a spiny frog
 10494 | Lair:1   | Reached XP level 11. HP: 47/97 MP: 16/16
 10630 | Lair:1   | Noticed Nergalle
 11202 | D:9      | Reached skill level 10 in Axes
 11982 | Lair:1   | Banished Nergalle
 12172 | Lair:2   | Noticed veneficus's ghost (journeyman MiBe)
 12178 | Lair:2   | Banished veneficus's ghost
 12178 | Lair:2   | Reached skill level 5 in Shields
 12382 | Lair:2   | Found a staircase to the Snake Pit.
 13057 | Lair:2   | Reached skill level 10 in Fighting
 14245 | Lair:3   | Noticed a four-headed hydra
 14248 | Lair:3   | Banished a four-headed hydra
 14881 | Lair:3   | Noticed a five-headed hydra
 14883 | Lair:3   | Banished a five-headed hydra
 14883 | Lair:3   | Reached XP level 12. HP: 107/107 MP: 18/18
 14972 | Lair:4   | Noticed Josephine
 15077 | Lair:4   | Noticed a death yak
 15261 | Lair:3   | Gained mutation: Your muscles are very strong. (Str +4) [evolution]
 15375 | Lair:3   | Reached skill level 10 in Invocations
 15375 | Lair:3   | Reached XP level 13. HP: 116/116 MP: 20/20
 15377 | Lair:3   | Lost mutation: You are occasionally teleported next to monsters. [potion of cure mutation]
 15377 | Lair:3   | Lost mutation: You have a pair of small antennae on your head. [potion of cure mutation]
 15377 | Lair:3   | Lost mutation: Your spells are a little harder to cast, but a little more powerful. [potion of cure mutation]
 15599 | Lair:3   | Banished Josephine
 16583 | Lair:4   | Found a staircase to the Shoals.
 17292 | Lair:3   | HP: 2/116 [eight-headed hydra (7)]
 18013 | Lair:4   | Noticed Sonja
 18264 | Lair:4   | Killed Sonja
 18571 | Lair:4   | Noticed Snorg
 18577 | Lair:4   | Banished Snorg
 19138 | Lair:5   | Reached skill level 10 in Dodging
 19703 | Lair:4   | Gained mutation: You are dopey. (Int -2) [evolution]
 20984 | Lair:5   | Found a viscous altar of Jiyva.
 20984 | Lair:5   | Found a staircase to the Slime Pits.
 21246 | Lair:6   | Entered Level 6 of the Lair of Beasts
 21265 | Lair:5   | Reached XP level 14. HP: 21/126 MP: 22/22
 25496 | Lair:6   | Lost mutation: Your muscles are very strong. (Str +4) [evolution]
 27044 | Lair:6   | Found a large runed door.
 27045 | Lair:6   | Found a large runed door.
 28804 | D:10     | Entered Level 10 of the Dungeon
 29091 | D:10     | Reached XP level 15. HP: 136/136 MP: 24/24
 30794 | D:11     | Reached skill level 5 in Stealth
 31608 | D:11     | Gained mutation: Your magical capacity is low. (-10% MP) [evolution]
 31910 | D:12     | Noticed eggzz's ghost (journeyman MiFi)
 31913 | D:12     | Got a heavily runed buckler
 31953 | D:11     | Identified the +1 buckler of Qamokiomn {Regen+ rCorr Dex+4 Stlth+} (You found it on level 12 of the Dungeon)
 31984 | D:12     | HP: 6/136 [eggzz's ghost (6)]
 31985 | D:12     | HP: 2/136 [eggzz's ghost (5)]
 31988 | D:12     | Mangled by eggzz's ghost

Skill      XL: |  1  2  3  4  5  6  7  8  9 10 11 12 13 14 15 |
---------------+----------------------------------------------+-----
Fighting       | 4 5 7 8 9 10 11 12 13 | 13.5
Axes           | 3 4 5 6 8 9 11 12 13 | 13.7
Dodging        | 3 4 5 6 7 8 10 11 | 11.3
Invocations    | 3 4 5 6 7 9 10 11 12 | 12.5
Shields        | 1 2 3 4 5 6 7 8 |  8.0
Stealth        | 1 2 3 4 5 |  5.0
Throwing       | 1 2 3 |  3.9
Evocations     | 2 |  2.3

Action                   |  1- 3 |  4- 6 |  7- 9 | 10-12 | 13-15 || total
-------------------------+-------+-------+-------+-------+-------++-------
Melee: Hand axe          |   113 |    46 |       |       |       ||   159
       Tailslap          |    11 |    25 |    29 |    27 |   100 ||   192
       War axe           |       |   155 |    61 |       |       ||   216
       Broad axe         |       |       |   154 |   261 |   853 ||  1268
Throw: Tomahawk          |       |     2 |       |     2 |       ||     4
       Javelin           |       |       |     9 |    33 |    51 ||    93
Invok: Depart the Abyss  |     1 |       |       |       |       ||     1
       Banish            |       |       |     1 |     6 |    20 ||    27
       Bend Space        |       |       |       |     2 |     3 ||     5
 Abil: Breathe Steam     |       |       |    32 |    45 |   133 ||   210
Evoke: Wand              |       |       |       |       |     1 ||     1
  Use: Scroll            |     2 |     4 |    14 |     7 |    11 ||    38
       Potion            |       |     5 |    15 |     5 |     6 ||    31
 Stab: Sleeping          |       |       |     2 |     1 |     4 ||     7
  Eat: Chunk             |     2 |     6 |    20 |     6 |    26 ||    60
       Royal jelly       |       |     1 |       |       |       ||     1
       Bread ration      |       |       |     1 |       |     5 ||     6
       Fruit             |       |       |       |    30 |     2 ||    32
       Meat ration       |       |       |       |     1 |     3 ||     4
       Pizza             |       |       |       |     1 |       ||     1
       Beef jerky        |       |       |       |       |     1 ||     1
Armor: Skin              |    52 |    68 |    91 |   101 |   285 ||   597
Dodge: Dodged            |    69 |   130 |   100 |   176 |   533 ||  1008
Block: Shield            |    39 |    99 |    86 |   149 |   462 ||   835
       Buckler           |       |       |       |       |     2 ||     2
